[ AOE2 MATCH · #506250067 ]
UnrankedEthiopians vs Lithuanians
Player's team · LOSS
[ REPLAY ANALYSIS · EXTRACTED FROM THE RECORDED GAME ]
Feudal
13:50
Castle
23:22
Imperial
39:24
| APM avg | 56.3 |
| APM peak | 110 |
| eAPM avg | 29.0 |
| Villagers / military | 97 / 123 |
Focus
⚔️ 34.6% · 🌾 65.4%
Archer ×51 · Spearman ×33 · Skirmisher ×14 · Militia ×9 · Mangonel ×6 · Monk ×3
Feudal
9:31
Castle
23:10
Imperial
42:18
| APM avg | 54.6 |
| APM peak | 85 |
| eAPM avg | 25.4 |
| Villagers / military | 160 / 141 |
Focus
⚔️ 29.3% · 🌾 70.7%
Knight ×108 · Scorpion ×7 · Skirmisher ×7 · Archer ×5 · Mangonel ×5 · Scout Cavalry ×5
Match map
Initial resources + every placement click. Lines = walls · curves = elevation contours. ◆ gold · ⬟ stone · ● berries · ✦ relic · ◌ wall gap
Your base· Open — 10t gap
Fallingstar's base· Open — unwalled flank
Smoothed initial terrain · ◌ = detected wall gap · hover for details
Inputs per minute
— CORP_hector_sin_elo - - Fallingstar
Build order — CORP_hector_sin_elo
First 150 of 389 actions detected
| 0:00 | Queue | Villager (Male) |
| 0:01 | Queue | Villager (Male) |
| 0:01 | Queue | Villager (Male) |
| 0:02 | Build | House |
| 0:04 | Build | House |
| 0:35 | Queue | Villager (Male) |
| 1:23 | Queue | Villager (Male) |
| 1:58 | Queue | Villager (Male) |
| 1:58 | Queue | Villager (Male) |
| 2:24 | Queue | Villager (Male) |
| 2:24 | Queue | Villager (Male) |
| 2:48 | Queue | Villager (Male) |
| 3:09 | Queue | Villager (Male) |
| 3:18 | Build | House |
| 3:28 | Queue | Villager (Male) |
| 3:42 | Build | Barracks |
| 4:05 | Build | Palisade Wall |
| 4:07 | Build | Palisade Wall |
| 4:09 | Build | Palisade Wall |
| 4:14 | Queue | Villager (Male) |
| 4:14 | Queue | Villager (Male) |
| 4:34 | Queue | Villager (Male) |
| 4:51 | Queue | Militia |
| 4:54 | Build | Lumber Camp |
| 4:58 | Queue | Villager (Male) |
| 5:19 | Queue | Militia |
| 5:34 | Queue | Militia |
| 5:37 | Queue | Villager (Male) |
| 5:40 | Build | House |
| 5:55 | Queue | Villager (Male) |
| 6:10 | Queue | Militia |
| 6:13 | Build | House |
| 6:34 | Queue | Villager (Male) |
| 6:45 | Queue | Villager (Male) |
| 7:03 | Queue | Villager (Male) |
| 7:09 | Build | Mill |
| 7:25 | Queue | Villager (Male) |
| 7:39 | Build | House |
| 8:09 | Queue | Villager (Male) |
| 8:20 | Queue | Villager (Male) |
| 8:34 | Build | Farm |
| 8:35 | Build | Farm |
| 8:42 | Queue | Militia |
| 8:47 | Queue | Villager (Male) |
| 9:10 | Queue | Villager (Male) |
| 9:31 | Build | Farm |
| 9:32 | Build | Farm |
| 9:53 | Build | Farm |
| 10:05 | Queue | Villager (Male) |
| 10:17 | Build | Mining Camp |
| 10:31 | Queue | Villager (Male) |
| 10:38 | Build | Farm |
| 10:49 | Build | Palisade Wall |
| 10:59 | Queue | Villager (Male) |
| 11:40 | Research | Feudal Age |
| 11:41 | Research | Feudal Age |
| 11:52 | Build | Farm |
| 11:54 | Build | Palisade Wall |
| 11:55 | Build | Palisade Wall |
| 12:07 | Build | House |
| 12:08 | Build | Palisade Wall |
| 12:09 | Build | Palisade Wall |
| 12:20 | Research | Loom |
| 12:24 | Build | Palisade Wall |
| 12:44 | Build | Farm |
| 12:47 | Build | House |
| 13:04 | Build | Farm |
| 13:26 | Build | Palisade Wall |
| 13:26 | Build | Palisade Wall |
| 13:30 | Build | Farm |
| 13:49 | Build | Palisade Wall |
| 13:50 | Build | Palisade Wall |
| 13:50 | Age | Feudal Age |
| 13:54 | Build | Archery Range |
| 13:56 | Research | Double-Bit Axe |
| 13:59 | Research | Man-at-Arms (upgrade) |
| 14:02 | Build | Palisade Wall |
| 14:03 | Build | Palisade Wall |
| 14:09 | Queue | Villager (Male) |
| 14:28 | Build | Farm |
| 14:30 | Build | Palisade Wall |
| 14:30 | Build | Palisade Wall |
| 14:39 | Build | Farm |
| 14:42 | Queue | Skirmisher |
| 14:57 | Queue | Villager (Male) |
| 14:58 | Queue | Skirmisher |
| 15:01 | Build | Blacksmith |
| 15:22 | Queue | Villager (Male) |
| 15:29 | Queue | Skirmisher |
| 15:34 | Queue | Villager (Male) |
| 15:45 | Research | Fletching |
| 15:51 | Build | House |
| 15:55 | Queue | Villager (Male) |
| 16:20 | Queue | Villager (Male) |
| 16:21 | Queue | Skirmisher |
| 16:22 | Build | House |
| 16:23 | Build | Palisade Wall |
| 16:29 | Queue | Villager (Male) |
| 16:48 | Queue | Villager (Male) |
| 16:49 | Build | Farm |
| 16:50 | Build | Palisade Wall |
| 16:51 | Build | Palisade Wall |
| 16:57 | Research | Padded Archer Armor |
| 16:58 | Queue | Villager (Male) |
| 17:02 | Build | Farm |
| 17:05 | Build | Farm |
| 17:11 | Queue | Skirmisher |
| 17:19 | Queue | Spearman |
| 17:22 | Build | Palisade Wall |
| 17:24 | Build | Palisade Wall |
| 17:30 | Build | Palisade Wall |
| 17:31 | Build | Palisade Wall |
| 17:41 | Research | Wheelbarrow |
| 17:45 | Build | House |
| 17:49 | Build | Farm |
| 18:02 | Build | Farm |
| 18:06 | Build | Farm |
| 18:23 | Queue | Skirmisher |
| 18:24 | Queue | Skirmisher |
| 18:30 | Build | Farm |
| 18:48 | Queue | Skirmisher |
| 18:52 | Queue | Spearman |
| 19:21 | Queue | Villager (Male) |
| 19:22 | Queue | Skirmisher |
| 19:44 | Queue | Spearman |
| 19:46 | Build | House |
| 19:50 | Build | Watch Tower |
| 19:54 | Queue | Skirmisher |
| 19:55 | Queue | Skirmisher |
| 20:42 | Research | Castle Age |
| 21:03 | Build | Lumber Camp |
| 21:15 | Research | Scale Mail Armor |
| 21:35 | Queue | Spearman |
| 22:00 | Queue | Skirmisher |
| 22:01 | Queue | Spearman |
| 22:03 | Build | Lumber Camp |
| 22:08 | Build | Mining Camp |
| 22:14 | Queue | Skirmisher |
| 22:23 | Research | Forging |
| 23:17 | Queue | Villager (Male) |
| 23:22 | Age | Castle Age |
| 23:26 | Build | Town Center |
| 23:31 | Research | Elite Skirmisher (upgrade) |
| 23:32 | Queue | Villager (Male) |
| 23:41 | Queue | Spearman |
| 23:49 | Build | Town Center |
| 23:57 | Queue | Villager (Male) |
| 24:03 | Build | House |
| 24:05 | Build | Palisade Wall |
| 24:10 | Queue | Spearman |
Build order — Fallingstar
First 150 of 480 actions detected
| 0:00 | Queue | Villager (Male) |
| 0:01 | Queue | Villager (Male) |
| 0:02 | Build | House |
| 0:03 | Build | House |
| 0:06 | Build | House |
| 0:17 | Queue | Villager (Male) |
| 0:17 | Queue | Villager (Male) |
| 0:20 | Queue | Villager (Male) |
| 0:21 | Queue | Villager (Male) |
| 1:26 | Queue | Villager (Male) |
| 1:51 | Build | Lumber Camp |
| 2:08 | Queue | Villager (Male) |
| 2:08 | Queue | Villager (Male) |
| 2:53 | Queue | Villager (Male) |
| 2:53 | Queue | Villager (Male) |
| 3:19 | Queue | Villager (Male) |
| 3:19 | Queue | Villager (Male) |
| 3:20 | Queue | Villager (Male) |
| 3:47 | Queue | Villager (Male) |
| 3:47 | Queue | Villager (Male) |
| 4:09 | Queue | Villager (Male) |
| 4:09 | Queue | Villager (Male) |
| 4:40 | Build | House |
| 4:41 | Research | Loom |
| 4:43 | Queue | Villager (Male) |
| 5:10 | Queue | Villager (Male) |
| 5:30 | Queue | Villager (Male) |
| 5:47 | Queue | Villager (Male) |
| 6:16 | Build | Palisade Wall |
| 6:22 | Build | Palisade Wall |
| 6:25 | Build | Palisade Wall |
| 6:37 | Queue | Villager (Male) |
| 7:00 | Build | Mill |
| 7:13 | Queue | Villager (Male) |
| 7:21 | Research | Feudal Age |
| 7:22 | Research | Feudal Age |
| 7:36 | Build | Palisade Gate |
| 7:52 | Build | Palisade Gate |
| 8:01 | Build | House |
| 8:06 | Queue | Villager (Male) |
| 8:34 | Build | Palisade Gate |
| 8:49 | Build | House |
| 9:31 | Age | Feudal Age |
| 9:47 | Build | Barracks |
| 9:56 | Queue | Villager (Male) |
| 10:03 | Research | Double-Bit Axe |
| 10:21 | Queue | Villager (Male) |
| 10:49 | Build | Archery Range |
| 10:52 | Queue | Villager (Male) |
| 11:18 | Build | Palisade Wall |
| 11:29 | Build | House |
| 11:36 | Queue | Archer |
| 11:38 | Queue | Skirmisher |
| 11:38 | Queue | Skirmisher |
| 11:40 | Build | Mining Camp |
| 12:08 | Queue | Villager (Male) |
| 12:11 | Build | Farm |
| 12:29 | Build | Blacksmith |
| 12:38 | Queue | Villager (Male) |
| 12:38 | Queue | Villager (Male) |
| 13:01 | Build | Stable |
| 13:20 | Queue | Skirmisher |
| 13:24 | Build | House |
| 13:30 | Queue | Villager (Male) |
| 13:35 | Build | Farm |
| 13:42 | Research | Fletching |
| 14:00 | Queue | Scout Cavalry |
| 14:01 | Queue | Scout Cavalry |
| 14:03 | Build | Farm |
| 14:06 | Build | Farm |
| 14:24 | Queue | Skirmisher |
| 14:27 | Queue | Villager (Male) |
| 14:28 | Queue | Scout Cavalry |
| 14:33 | Build | House |
| 14:38 | Build | House |
| 14:42 | Build | House |
| 15:04 | Queue | Villager (Male) |
| 15:05 | Queue | Villager (Male) |
| 15:07 | Build | Farm |
| 15:09 | Build | Farm |
| 15:11 | Build | Farm |
| 15:18 | Queue | Scout Cavalry |
| 15:28 | Queue | Skirmisher |
| 15:34 | Queue | Villager (Male) |
| 15:37 | Build | Farm |
| 15:39 | Build | Farm |
| 15:40 | Queue | Villager (Male) |
| 15:57 | Queue | Archer |
| 15:58 | Queue | Archer |
| 15:58 | Queue | Villager (Male) |
| 16:06 | Build | Lumber Camp |
| 16:46 | Queue | Archer |
| 16:57 | Queue | Villager (Male) |
| 16:57 | Queue | Villager (Male) |
| 17:23 | Queue | Archer |
| 17:24 | Queue | Skirmisher |
| 17:27 | Queue | Villager (Male) |
| 17:29 | Build | Farm |
| 17:31 | Build | Farm |
| 17:34 | Research | Horse Collar |
| 17:50 | Build | Farm |
| 17:50 | Build | Farm |
| 17:50 | Build | Farm |
| 18:14 | Build | Market |
| 18:30 | Queue | Skirmisher |
| 18:37 | Queue | Villager (Male) |
| 18:48 | Build | House |
| 19:12 | Queue | Villager (Male) |
| 19:32 | Queue | Villager (Male) |
| 19:52 | Queue | Villager (Male) |
| 19:59 | Build | House |
| 20:30 | Research | Castle Age |
| 20:30 | Research | Castle Age |
| 20:38 | Queue | Villager (Male) |
| 20:57 | Build | Archery Range |
| 21:03 | Build | Stable |
| 21:19 | Research | Scale Barding Armor |
| 21:59 | Research | Bloodlines |
| 21:59 | Research | Bloodlines |
| 22:14 | Build | Stable |
| 22:20 | Build | Farm |
| 22:23 | Build | Farm |
| 22:23 | Build | Farm |
| 23:10 | Age | Castle Age |
| 23:15 | Build | Monastery |
| 23:17 | Queue | Knight |
| 23:18 | Queue | Knight |
| 23:18 | Queue | Knight |
| 23:18 | Queue | Knight |
| 23:20 | Queue | Villager (Male) |
| 23:28 | Build | Town Center |
| 23:36 | Build | Town Center |
| 23:38 | Queue | Villager (Male) |
| 23:38 | Queue | Villager (Male) |
| 23:44 | Queue | Knight |
| 23:44 | Queue | Knight |
| 23:52 | Queue | Villager (Male) |
| 23:55 | Queue | Villager (Male) |
| 24:20 | Queue | Villager (Male) |
| 24:30 | Queue | Monk |
| 24:38 | Queue | Villager (Male) |
| 24:38 | Queue | Villager (Male) |
| 24:44 | Build | Siege Workshop |
| 24:49 | Build | Palisade Wall |
| 24:50 | Queue | Villager (Male) |
| 24:50 | Queue | Villager (Male) |
| 24:52 | Build | House |
| 25:03 | Queue | Knight |
| 25:03 | Queue | Knight |
| 25:05 | Queue | Villager (Male) |
Match timeline
| 3:42 | CORP_hector_sin_elo · first_building Barracks |
| 4:05 | CORP_hector_sin_elo · wall_segment Palisade Wall x1 |
| 4:07 | CORP_hector_sin_elo · wall_segment Palisade Wall x1 |
| 4:09 | CORP_hector_sin_elo · wall_segment Palisade Wall x1 |
| 6:16 | Fallingstar · wall_segment Palisade Wall x1 |
| 6:22 | Fallingstar · wall_segment Palisade Wall x1 |
| 6:25 | Fallingstar · wall_segment Palisade Wall x1 |
| 9:31 | Fallingstar · age_up feudal |
| 9:47 | Fallingstar · first_building Barracks |
| 10:49 | Fallingstar · first_building Archery Range |
| 10:49 | CORP_hector_sin_elo · wall_segment Palisade Wall x1 |
| 11:18 | Fallingstar · wall_segment Palisade Wall x1 |
| 11:54 | CORP_hector_sin_elo · wall_segment Palisade Wall x1 |
| 11:55 | CORP_hector_sin_elo · wall_segment Palisade Wall x5 |
| 12:08 | CORP_hector_sin_elo · wall_segment Palisade Wall x5 |
| 12:09 | CORP_hector_sin_elo · wall_segment Palisade Wall x1 |
| 12:24 | CORP_hector_sin_elo · wall_segment Palisade Wall x1 |
| 13:01 | Fallingstar · first_building Stable |
| 13:26 | CORP_hector_sin_elo · wall_segment Palisade Wall x1 |
| 13:26 | CORP_hector_sin_elo · wall_segment Palisade Wall x1 |
| 13:49 | CORP_hector_sin_elo · wall_segment Palisade Wall x1 |
| 13:50 | CORP_hector_sin_elo · wall_segment Palisade Wall x11 |
| 13:50 | CORP_hector_sin_elo · age_up feudal |
| 13:54 | CORP_hector_sin_elo · first_building Archery Range |
| 14:02 | CORP_hector_sin_elo · wall_segment Palisade Wall x1 |
| 14:03 | CORP_hector_sin_elo · wall_segment Palisade Wall x2 |
| 14:30 | CORP_hector_sin_elo · wall_segment Palisade Wall x1 |
| 14:30 | CORP_hector_sin_elo · wall_segment Palisade Wall x1 |
| 16:23 | CORP_hector_sin_elo · wall_segment Palisade Wall x7 |
| 16:50 | CORP_hector_sin_elo · wall_segment Palisade Wall x1 |
| 16:51 | CORP_hector_sin_elo · wall_segment Palisade Wall x1 |
| 17:22 | CORP_hector_sin_elo · wall_segment Palisade Wall x1 |
| 17:24 | CORP_hector_sin_elo · wall_segment Palisade Wall x3 |
| 17:30 | CORP_hector_sin_elo · wall_segment Palisade Wall x1 |
| 17:31 | CORP_hector_sin_elo · wall_segment Palisade Wall x1 |
| 19:16 | Fallingstar · first_market_sell 100 wood |
| 19:17 | Fallingstar · first_market_buy 100 food |
| 23:10 | Fallingstar · age_up castle |
| 23:15 | Fallingstar · first_building Monastery |
| 23:22 | CORP_hector_sin_elo · age_up castle |
| 24:05 | CORP_hector_sin_elo · wall_segment Palisade Wall x1 |
| 24:44 | Fallingstar · first_building Siege Workshop |
| 24:49 | Fallingstar · wall_segment Palisade Wall x1 |
| 25:32 | CORP_hector_sin_elo · wall_segment Palisade Wall x1 |
| 25:33 | CORP_hector_sin_elo · wall_segment Palisade Wall x1 |
| 25:34 | CORP_hector_sin_elo · wall_segment Palisade Wall x1 |
| 25:45 | CORP_hector_sin_elo · wall_segment Palisade Wall x3 |
| 25:47 | CORP_hector_sin_elo · wall_segment Palisade Wall x5 |
| 26:00 | CORP_hector_sin_elo · wall_segment Palisade Wall x1 |
| 26:48 | CORP_hector_sin_elo · first_building Siege Workshop |
| 27:12 | CORP_hector_sin_elo · wall_segment Palisade Wall x1 |
| 27:13 | CORP_hector_sin_elo · wall_segment Palisade Wall x1 |
| 30:57 | CORP_hector_sin_elo · first_building Monastery |
| 33:30 | CORP_hector_sin_elo · first_building Castle |
| 33:59 | CORP_hector_sin_elo · wall_segment Palisade Wall x2 |
| 39:24 | CORP_hector_sin_elo · age_up imperial |
| 39:29 | Fallingstar · first_building Castle |
| 42:18 | Fallingstar · age_up imperial |
| 47:34 | CORP_hector_sin_elo · resign |
[ AI ANALYSIS · 1 CREDIT ]
What really happened in this match?
Wolo.gg analyzes every decision: build order, eco, micro, common mistakes by bracket. Personalized analysis on WhatsApp or Discord in 30 seconds.
Civ guide
Ethiopians
Perfil
Jugador #459775